 Dungeon Crawl Stone Soup version 0.22-a0-830-gf552829 (webtiles) character file.

70 zishaf the Conjurer (level 4, -1/24 HPs)
             Began as a Tengu Conjurer on July 24, 2018.
             Slain by Purgy (2 damage)
             ... in a sewer.
             The game lasted 00:06:21 (2487 turns).

zishaf the Conjurer (Tengu Conjurer)                Turns: 2487, Time: 00:06:21

Health: -1/24      AC:  3    Str:  9    XL:     4   Next: 22%
Magic:  5/9        EV: 13    Int: 16    God:
Gold:   123        SH:  0    Dex: 14    Spells: 5/8 levels left

rFire    . . .     SeeInvis .   l - +2 short sword (speed)
rCold    . . .     Gourm    .   (no shield)
rNeg     . . .     Faith    .   a - +0 robe
rPois    .         Spirit   .   (helmet restricted)
rElec    .         Reflect  .   (no cloak)
rCorr    .         Harm     .   o - +0 pair of gloves
MR       +....                  (boots unavailable)
Stlth    +++.......             (no amulet)
HPRegen  0.08/turn              d - ring of stealth
MPRegen  0.11/turn              g - ring of protection from magic

@: no status effects
A: beak, talons 3
a: no special abilities


You were in a sewer.
You were not hungry.

You visited 1 branch of the dungeon, and saw 3 of its levels.
You also visited: Sewer.

You collected 123 gold pieces.

Inventory:

Hand Weapons
 l - a +2 short sword of speed (weapon)
Armour
 a - a +0 robe (worn)
 o - a +0 pair of gloves (worn)
Jewellery
 d - a ring of stealth (left hand)
 g - a ring of protection from magic (right hand)
Scrolls
 b - a scroll of magic mapping {unknown}
 e - a scroll of identify {unknown}
 h - a scroll of teleportation {unknown}
 j - a scroll of remove curse {unknown}
 m - a scroll of immolation {unknown}
Potions
 f - 3 potions of mutation {unknown}
 i - a potion of resistance
 k - a potion of berserk rage {unknown}
 p - a potion of blood
Comestibles
 c - 2 rations
 n - 6 chunks of flesh


   Skills:
 + Level 3.2 Dodging
 - Level 2.0 Stealth
 + Level 2.8 Spellcasting
 + Level 6.1 Conjurations


You had 5 spell levels left.
You knew the following spells:

 Your Spells              Type           Power        Failure   Level  Hunger
a - Magic Dart            Conj           ###.         1%          1    #......
b - Searing Ray           Conj           ###...       2%          2    ##.....

Your spell library contained the following spells:

 Spells                   Type           Power        Failure   Level  Hunger
 Iskenderun's Mystic Bla  Conj           ###.....     16%         4    #####..
 Fulminant Prism          Conj/Hex       ##........   47%         4    #####..
 Dazzling Spray           Conj/Hex       ##....       16%         3    ###....
 Force Lance              Conj/Tloc      ##......     47%         4    #####..


Dungeon Overview and Level Annotations

Branches:
Dungeon (3/15)

Altars:
Elyvilon
Okawaru

Annotations:
Sewer Purgy


Innate Abilities, Weirdness & Mutations

You have a beak for a mouth.
You have claws for feet.


Message History

The searing ray hits Purgy.
Purgy is lightly wounded. (Press . to maintain the ray.) Purgy bites you!
Purgy claws you. Purgy barely misses you.
The searing ray misses Purgy.
Purgy bites you. Purgy claws you but does no damage. x2
The searing ray hits Purgy.
Purgy is moderately wounded.
Purgy bites you.
* * * LOW HITPOINT WARNING * * *
Purgy closely misses you. Purgy barely misses you.
The searing ray hits Purgy.
Purgy is heavily wounded.
You finish channeling your searing ray.
Purgy closely misses you. Purgy claws you but does no damage. Purgy claws you.
* * * LOW HITPOINT WARNING * * *
Some of the chunks of flesh in your inventory have rotted away.
Purgy looks around nervously.
Purgy barely misses you. Purgy claws you.
You die...

##################
#!##.##.##.##.##(#
#.##)##.##.##)##.#
#+##'##'##'##'##'##'#
#..........T@.......#
≈≈≈#≈≈≈≈≈≈≈≈≈.≈≈≈≈≈≈≈≈≈#≈≈≈≈≈
≈≈≈#≈≈≈≈≈≈≈≈≈∩≈≈≈≈≈≈≈≈≈#≈≈≈≈≈
≈≈≈#≈≈≈≈≈≈≈≈≈.≈≈≈≈≈≈≈≈≈#≈≈≈≈≈
####...................######
#+##+##+##.##+##+##+# #.# #∩#
###


You could see Purgy.

Vanquished Creatures
  A river rat (D:3)
  An adder (D:2)
  A worm (D:3)
  4 dart slugs (D:2)
  5 giant cockroaches
  3 goblins
  3 hobgoblins
  6 jackals
  2 ball pythons
  3 bats
  2 frilled lizards
  6 kobolds
  2 rats
39 creatures vanquished.

Notes
Turn   | Place    | Note
-------+----------+-------------------------------------------
     0 | D:1      | zishaf the Tengu Conjurer began the quest for the Orb.
     0 | D:1      | Reached XP level 1. HP: 10/10 MP: 4/4
   360 | D:1      | Reached XP level 2. HP: 15/15 MP: 1/6
  1097 | D:2      | Found a white marble altar of Elyvilon.
  1215 | D:2      | Reached XP level 3. HP: 18/19 MP: 0/7
  1220 | D:2      | Learned a level 2 spell: Searing Ray
  1366 | D:2      | Found an iron altar of Okawaru.
  2258 | D:3      | Reached skill level 6 in Conjurations
  2258 | D:3      | Reached XP level 4. HP: 24/24 MP: 0/9
  2384 | D:3      | Found a glowing drain.
  2421 | Sewer    | Entered a sewer
  2473 | Sewer    | Noticed Purgy
  2481 | Sewer    | HP: 1/24 [Purgy (3)]
  2487 | Sewer    | Slain by Purgy

Vault maps used:
D:1:      minmay_arrival_plants_in_alcoves
D:2:      lemuel_doored_altar, old_standard_altar
D:3:      cheibrodos_sewer_entry_sluice, corexii_hall_statues_x,
          minmay_fountain_box, uniq_grinder
Sewer:    kennysheep_door_sewer

Skill      XL: |  1  2  3 |
---------------+----------+-----
Dodging        | 3 |  3.2
Conjurations   | 6 |  6.1
Stealth        | |  2.0
Spellcasting   | |  2.8

Action                   |  1- 3 |  4- 6 || total
-------------------------+-------+-------++-------
Melee: Short sword       |    10 |    10 ||    20
       Kick              |     3 |       ||     3
       Peck              |     2 |     2 ||     4
 Cast: Magic Dart        |    61 |    10 ||    71
       Searing Ray       |     1 |     2 ||     3
 Stab: Sleeping          |     1 |     3 ||     4
  Eat: Chunk             |     4 |     2 ||     6
Armor: Robe              |     2 |     5 ||     7
Dodge: Dodged            |    15 |    10 ||    25

Table legend:
 A = Spawn XP
 B = Non-spawn XP
 C = Spawn XP percentage of total XP
 D = Spawn monster count
 E = Non-spawn monster count
 F = Spawn count percentage of total count
 G = Total turns spent on level
                    A         B        C        D         E        F      G
               +---------+---------+-------+---------+---------+-------+---------
         Total |       0 |     101 |   0.0 |       0 |      39 |   0.0 |  2487
               +---------+---------+-------+---------+---------+-------+---------
           D:1 |       0 |      13 |   0.0 |       0 |       8 |   0.0 |   848
           D:2 |       0 |      49 |   0.0 |       0 |      18 |   0.0 |  1396
           D:3 |       0 |      34 |   0.0 |       0 |      10 |   0.0 |   177
         Sewer |       0 |       5 |   0.0 |       0 |       3 |   0.0 |    66
               +---------+---------+-------+---------+---------+-------+---------
